 Dungeon Crawl Stone Soup version 0.28.0-43-g3370ac3207 (webtiles) character file.

Game seed: 17178492296131673892

107 tizbic2 the Chucker (level 4, -2/45 HPs)
             Began as an Ogre Hunter on Mar 19, 2022.
             Was a Follower of Makhleb.
             Slain by a goblin
             ... wielding a +0 club
              (4 damage)
             ... on level 3 of the Dungeon.
             The game lasted 00:09:53 (2594 turns).

tizbic2 the Chucker (Ogre Hunter)                   Turns: 2594, Time: 00:09:54

Health: -2/45      AC:  4    Str: 15 (18) XL:     4   Next: 85%
Magic:  5/5        EV:  9    Int:  9 (12) God:    Makhleb [*.....]
Gold:   64         SH:  0    Dex:  7 (9)  Spells: 3/3 levels left

rFire   . . .      SeeInvis .   d - +3 quarterstaff (chaos)
rCold   . . .      Faith    .   (shield currently unavailable)
rNeg    . . .      Spirit   .   b - +0 robe
rPois   .          Reflect  .   (helmet restricted)
rElec   .          Harm     .   i - +0 cloak
rCorr   .          Rampage  .   (gloves unavailable)
Will    .....                   (boots unavailable)
Stlth   +.........              (no amulet)
HPRegen 0.15/turn               (no ring)
MPRegen 0.09/turn               (no ring)

@: no status effects
A: large, unfitting armour, tough skin 1
a: Renounce Religion


You were on level 3 of the Dungeon.
You worshipped Makhleb.
Makhleb was aware of your devotion.
You visited 1 branch of the dungeon, and saw 3 of its levels.

You collected 64 gold pieces.

Inventory:

Hand Weapons
 d - a +3 quarterstaff of chaos (weapon)
Missiles
 c - 5 large rocks
 g - 7 boomerangs (quivered)
 h - 4 poisoned darts
 j - 2 atropa-tipped darts
 k - 17 stones
 p - 2 throwing nets
Armour
 b - a +0 robe (worn)
 i - a +0 cloak (worn)
Scrolls
 a - a scroll of noise {unknown}
 e - 2 scrolls of teleportation {unknown}
 f - 2 scrolls of identify {unknown}
 l - a scroll of magic mapping {unknown}


   Skills:
 + Level 3.5 Fighting
 * Level 2.1 Maces & Flails
 * Level 4.7 Throwing
 - Level 1.7 Dodging
 - Level 0.6 Stealth
 + Level 1.4 Invocations


You had 3 spell levels left.
You didn't know any spells.
Your spell library was empty.

Dungeon Overview and Level Annotations

Branches:
Dungeon (3/15)

Altars:
Makhleb


Innate Abilities, Weirdness & Mutations

You are too large for most types of armour.
You have tough skin. (AC +1)


Message History

The goblin barely misses you. The gnoll hits you with a +0 spear.
The goblin hits you but does no damage. The gnoll hits you with a +0 whip.
There is a stone staircase leading up, spattered with blood here.
You hit the gnoll.
The gnoll suddenly seems more agile.
The gnoll is heavily wounded.
The gnoll hits you but does no damage. The gnoll hits you with a +0 whip!
The goblin barely misses you. The gnoll hits you with a +0 spear.
You barely miss the gnoll.
The gnoll is heavily wounded.
The gnoll hits you with a +0 whip. The goblin completely misses you.
The gnoll hits you with a +0 spear.
It was a potion of degeneration.
There was something very wrong with that liquid.
You feel weakened.
You feel dopey.
You feel clumsy. The gnoll hits you with a +0 whip!
The goblin barely misses you. The gnoll completely misses you.
You closely miss the gnoll.
The gnoll is moderately wounded.
The gnoll hits you with a +0 whip. The goblin hits you with a +0 club.
* * * LOW HITPOINT WARNING * * *
The gnoll barely misses you. The gnoll closely misses you.
The goblin closely misses you.
You barely miss the gnoll.
The gnoll is moderately wounded.
The gnoll hits you with a +0 spear.
* * * LOW HITPOINT WARNING * * *
The gnoll hits you with a +0 whip.
* * * LOW HITPOINT WARNING * * *
The goblin hits you but does no damage. The gnoll hits you with a +0 spear.
* * * LOW HITPOINT WARNING * * *
You hit the gnoll. You drain the gnoll.
The gnoll is severely wounded.
The gnoll misses you. The goblin hits you with a +0 club.
* * * LOW HITPOINT WARNING * * *
The gnoll hits you with a +0 spear.
* * * LOW HITPOINT WARNING * * *
You closely miss the gnoll.
The gnoll is severely wounded.
The gnoll closely misses you. The goblin hits you with a +0 club.
You die...

####..##
##..##
##...####
#.......#
#.......#
#.>.....#
#.......#
#.g.g...#
#.g@....#
#########


You could see 2 gnolls and a goblin.

Vanquished Creatures
  Crazy Yiuf (D:2)
  A gnoll (D:2)
  2 adders (D:2)
  5 worms (D:2)
  2 dart slugs (D:2)
  3 bats
  2 endoplasms (D:1)
  A giant cockroach (D:3)
  4 hobgoblins
  2 jackals (D:1)
  A kobold (D:2)
  4 quokkas
  3 ball pythons
  A frilled lizard (D:1)
  3 rats
35 creatures vanquished.

Vanquished Creatures (others)
  A fungus (D:1)
  2 plants (D:1)
3 creatures vanquished.

Grand Total: 38 creatures vanquished

Notes
Turn   | Place    | Note
-------+----------+-------------------------------------------
     0 | D:1      | tizbic2 the Ogre Hunter began the quest for the Orb.
     0 | D:1      | Reached XP level 1. HP: 22/22 MP: 1/1
   363 | D:1      | Found a faded altar of an unknown god.
   376 | D:1      | Prayed at the altar of an unknown god.
   376 | D:1      | Became a worshipper of Makhleb the Destroyer
   376 | D:1      | Reached * piety under Makhleb
   447 | D:1      | Reached XP level 2. HP: 20/29 MP: 2/2
  1063 | D:2      | Reached skill level 1 in Maces & Flails
  1279 | D:2      | Reached XP level 3. HP: 24/37 MP: 3/3
  1384 | D:2      | Reached skill level 1 in Invocations
  1901 | D:2      | Reached XP level 4. HP: 14/45 MP: 4/4
  2309 | D:2      | Found a runed translucent door.
  2310 | D:2      | Noticed Crazy Yiuf
  2317 | D:2      | Killed Crazy Yiuf
  2593 | D:3      | HP: 2/45 [gnoll/+0 spear (4)]
  2594 | D:3      | Slain by a goblin

Illustrated notes

Levels and vault maps discovered:
D:1:      psy_arrival_terrarium, layout_loops_ring,
          shapermc_ecumenical_altar_acropolis
D:2:      layout_loops_ring, minmay_curled_crystal, uniq_crazy_yiuf_cottage
D:3:      layout_rooms, mainiacjoe_overflow_catwalk

Skill      XL: |  1  2  3  4 |
---------------+-------------+-----
Fighting       | 3 |  3.5
Maces & Flails | 1 2 |  2.1
Invocations    | 1 |  1.4
Throwing       | |  4.7
Dodging        | |  1.7
Stealth        | |  0.6

Action                   |  1- 3 |  4- 6 || total
-------------------------+-------+-------++-------
Melee: Short sword       |    29 |       ||    29
       Punch             |     2 |       ||     2
       Club              |    57 |       ||    57
       Hand axe          |    18 |     5 ||    23
       Quarterstaff      |       |    15 ||    15
Throw: Boomerang         |     7 |     2 ||     9
       Dart              |    16 |       ||    16
       Large rock        |     9 |     1 ||    10
       Stone             |    16 |     3 ||    19
       Throwing net      |       |     2 ||     2
  Use: Potion            |       |     1 ||     1
 Stab: Sleeping          |     1 |     2 ||     3
Armor: Robe              |    26 |    13 ||    39
Dodge: Dodged            |    46 |    24 ||    70
